 Dungeon Crawl Stone Soup version 0.31.0-12-g77e489cdc1 (webtiles) character file.

Game seed: 14836421081031363707

379385 James the Executioner (level 22, 0/213 HPs)
             Began as a Hill Orc Fighter on Mar 4, 2024.
             Was the Champion of Beogh.
             Killed from afar by a deep elf annihilator (24 damage)
             ... with a bolt of lightning
             ... on level 3 of the Elven Halls on Mar 6, 2024.
             The game lasted 03:29:52 (59747 turns).

James the Executioner (Hill Orc Fighter)           Turns: 59747, Time: 03:29:52

Health: 0/213      AC: 22    Str: 36    XL:     22   Next: 63%
Magic:  55/55      EV: 15    Int: 10    God:    Beogh [******]
Gold:   5184       SH: 28    Dex: 20    Spells: 21/21 levels left

rFire   + + .        a - +7 broad axe (freeze)
rCold   + . .        p - +0 tower shield
rNeg    + + .        O - +1 scale mail {Will+}
rPois   +            y - +0 helmet "Eputtege" {rN+ MP+9 Int+2}
rElec   .            l - +0 cloak {rCorr}
rCorr   +            z - +0 pair of gloves
SInv    .            X - +1 pair of boots of the Original Sin {Str+4}
Will    ++...        E - amulet "Evubaps" {Reflect rF+ rC+ rCorr SH+5} Stlth
                     f - ring of Rigisau {rPois Dex+6}
HPRegen 0.55/turn    I - ring "Bitzoz" {rF+ rN+ MP+9 Str+6}
MPRegen 0.34/turn

%: reflection
@: studying 3 skills
A: walk on water
}: 2/15 runes: barnacled, gossamer
a: Renounce Religion, Smiting, Recall Orcish Followers, Give Item to Named
Follower, Resurrection


You were on level 3 of the Elven Halls.
You worshipped Beogh.
Beogh was exalted by your worship.
You visited 8 branches of the dungeon, and saw 38 of its levels.
You visited the Abyss 1 time.
You also visited: Gauntlet, Ice Cave and Wizlab.

You collected 5305 gold pieces.
You spent 121 gold pieces at shops.

Inventory:

Hand Weapons
 a - a +7 broad axe of freezing (weapon)
   (You found it on level 2 of the Orcish Mines)
 e - a +4 demon trident of freezing
   (You took it off a merfolk impaler on level 4 of the Shoals)
Missiles
 t - 16 silver javelins
 D - 17 curare-tipped darts {!f}
 R - 3 darts of dispersal {!f}
 Y - 6 throwing nets {!f}
Armour
 l - a +0 cloak of preservation (worn)
   (You took it off Crazy Yiuf on level 2 of the Dungeon)
 m - a +8 plate armour of ponderousness
   (You took it off an orc warlord on level 2 of the Orcish Mines)
 p - a +0 tower shield (worn)
   (You found it on level 1 of the Lair of Beasts)
 y - the +0 helmet "Eputtege" (worn) {rN+ MP+9 Int+2}
   (You found it in a Gauntlet)

   Int+2:     It affects your intelligence (+2).
   rN+:       It protects you from negative energy.
   MP+9:      It affects your magic capacity (+9).
 z - a +0 pair of gloves (worn)
   (You found it on level 8 of the Dungeon)
 M - a +2 helmet of see invisible
   (You found it on level 4 of the Spider Nest)
 O - a +1 scale mail of willpower (worn)
   (You took it off an ironbound convoker on level 3 of the Vaults)
 T - a +4 plate armour
   (You found it on level 2 of the Orcish Mines)
 X - the +1 pair of boots of the Original Sin (worn) {Str+4}
   (You found it on level 2 of the Dungeon)

   Str+4:     It affects your strength (+4).
Jewellery
 f - the ring of Rigisau (left hand) {rPois Dex+6}
   (You acquired it on level 3 of the Lair of Beasts)

   [ring of dexterity]

   Dex+6:     It affects your dexterity (+6).
   rPois:     It protects you from poison
 E - the amulet "Evubaps" (around neck) {Reflect rF+ rC+ rCorr SH+5}
   (You acquired it on level 3 of the Lair of Beasts)

   [amulet of reflection]

   Reflect:   It reflects blocked missile attacks.
   rF+:       It protects you from fire.
   rC+:       It protects you from cold.
   rCorr:     It protects you from acid and corrosion.
   SH+5:      It affects your SH (+5).
 I - the ring "Bitzoz" (right hand) {rF+ rN+ MP+9 Str+6}
   (You found it on level 4 of the Shoals)

   [ring of strength]

   Str+6:     It affects your strength (+6).
   rF+:       It protects you from fire.
   rN+:       It protects you from negative energy.
   MP+9:      It affects your magic capacity (+9).
 K - a ring of flight
   (You found it on level 5 of the Lair of Beasts)
 Q - a ring of protection from cold
   (You found it on level 7 of the Dungeon)
Wands
 d - a wand of iceblast (50)
   (You found it on level 7 of the Dungeon)
 q - a wand of quicksilver (25)
   (You found it on level 11 of the Dungeon)
 u - a wand of paralysis (30)
   (You found it on level 5 of the Lair of Beasts)
 G - a wand of polymorph (21)
   (You found it on level 9 of the Dungeon)
Scrolls
 b - 3 scrolls of vulnerability {!r}
 c - 2 scrolls of summoning
 g - a scroll of brand weapon
 j - 13 scrolls of teleportation {@r4}
 k - 5 scrolls of revelation
 o - a scroll of silence
 A - 6 scrolls of immolation {!r}
 C - 3 scrolls of fog
 L - 5 scrolls of blinking
 N - 3 scrolls of fear
 Z - 7 scrolls of enchant armour
Potions
 h - 2 potions of heal wounds {@q2}
 n - 8 potions of curing {@q1}
 r - 7 potions of might
 w - 12 potions of haste {@q3}
 x - 2 potions of resistance
 B - 4 potions of magic
 F - a potion of cancellation
 H - 4 potions of berserk rage
 J - 3 potions of mutation {!q}
 P - 7 potions of enlightenment
 V - a potion of brilliance
 W - 3 potions of invisibility
Miscellaneous
 s - a condenser vane
   (You found it on level 12 of the Dungeon)
 v - a sack of spiders
   (You found it on level 15 of the Dungeon)
 S - a phantom mirror
   (You found it in a Gauntlet)


   Skills:
 + Level 21.1 Fighting
 + Level 23.2 Axes
 - Level 22.0 Armour
 + Level 7.4 Dodging
 + Level 19.5 Shields
 + Level 22.6 Invocations


You had 21 spell levels left.
You didn't know any spells.
Your spell library contained the following spells:

 Spells                   Type           Power      Damage    Failure   Level
 Apportation              Tloc           0%         N/A       61%         1
 Magic Dart               Conj           0%         1d3       61%         1
 Necrotise                Necr           0%         1d4       61%         1
 Sandblast                Erth           0%         2d4       61%         1
 Shock                    Conj/Air       0%         1d3       61%         1
 Sting                    Conj/Alch      0%         1d3       61%         1
 Summon Small Mammal      Summ           0%         N/A       61%         1
 Blink                    Tloc           0%         N/A       75%         2
 Cigotuvi's Dreadful Rot  Necr/Alch/Air  0%         N/A       75%         2
 Ensorcelled Hibernation  Hex/Ice        0%         N/A       75%         2
 Mercury Vapours          Alch/Air       0%         N/A       75%         2
 Scorch                   Fire           0%         2d5       75%         2
 Searing Ray              Conj           0%         2d4       75%         2
 Sublimation of Blood     Necr           0%         N/A       75%         2
 Call Canine Familiar     Summ           0%         N/A       93%         3
 Dazzling Flash           Conj/Hex       0%         N/A       93%         3
 Fugue of the Fallen      Necr           0%         N/A       93%         3
 Hailstorm                Conj/Ice       0%         3d5       93%         3
 Inner Flame              Hex/Fire       0%         N/A       93%         3
 Mephitic Cloud           Conj/Alch/Air  0%         N/A       93%         3
 Passwall                 Erth           0%         N/A       93%         3
 Stone Arrow              Conj/Erth      0%         3d7       93%         3
 Swiftness                Air            0%         N/A       93%         3
 Tukima's Dance           Hex            0%         N/A       93%         3
 Airstrike                Air            0%         2d(0-16)  100%        4
 Anguish                  Hex/Necr       0%         N/A       100%        4
 Animate Armour           Summ/Erth      0%         N/A       100%        4
 Brom's Barrelling Bould  Conj/Erth      0%         2d3       100%        4
 Flame Wave               Conj/Fire      0%         2d4       100%        4
 Fulminant Prism          Conj/Alch      0%         3d5       100%        4
 Ignite Poison            Fire/Alch      0%         N/A       100%        4
 Leda's Liquefaction      Alch/Erth      0%         N/A       100%        4
 Manifold Assault         Tloc           0%         N/A       100%        4
 Olgreb's Toxic Radiance  Alch           0%         N/A       100%        4
 Passage of Golubria      Tloc           0%         N/A       100%        4
 Petrify                  Alch/Erth      0%         N/A       100%        4
 Sticky Flame             Fire/Alch      0%         2d4       100%        4
 Summon Blazeheart Golem  Fire/Summ      0%         N/A       100%        4
 Summon Lightning Spire   Summ/Air       0%         N/A       100%        4
 Curse of Agony           Necr           0%         N/A       100%        5
 Fireball                 Conj/Fire      0%         3d3       100%        5
 Freezing Cloud           Conj/Ice/Air   0%         6-21      100%        5
 Irradiate                Conj/Alch      0%         3d11      100%        5
 Iskenderun's Battlesphe  Conj           0%         2d6       100%        5
 Lee's Rapid Deconstruct  Erth           0%         3d4*      100%        5
 Silence                  Hex/Air        0%         N/A       100%        5
 Summon Forest            Summ/Tloc      0%         N/A       100%        5
 Yara's Violent Unravell  Hex/Alch       0%         3d3       100%        5
 Bombard                  Conj/Erth      0%         9d1       100%        6
 Conjure Ball Lightning   Conj/Air       0%         3x3d6     100%        6
 Dispersal                Tloc           0%         N/A       100%        6
 Starburst                Conj/Fire      0%         6d3       100%        6
 Haunt                    Necr/Summ      0%         N/A       100%        7
 Orb of Destruction       Conj           0%         9d5       100%        7
 Spellforged Servitor     Conj/Summ      0%         N/A       100%        7
 Discord                  Hex            0%         N/A       100%        8
 Disjunction              Tloc           0%         N/A       100%        8
 Ignition                 Fire           0%         3d3       100%        8
 Shatter                  Erth           0%         3d5*      100%        9


Dungeon Overview and Level Annotations

Branches:
Dungeon (15/15)            Temple (1/1) D:7            Lair (5/5) D:9
 Shoals (4/4) Lair:2       Spider (4/4) Lair:3        Slime (0/5) Lair:4
    Orc (2/2) D:12            Elf (3/3) Orc:2        Vaults (4/5) D:14
  Crypt (0/3) Vaults:3     Depths (0/4) D:15          IceCv (visited)
 WizLab (visited)         Gauntlet (visited)

Altars:
Ashenzari
Cheibriados
Dithmenos
Elyvilon
Fedhas
Gozag
Hepliaklqana
Kikubaaqudgha
Makhleb
Nemelex Xobeh
Okawaru
Qazlal
Ru
Sif Muna
Trog
Uskayaw
Vehumet
Wu Jian
Xom
Yredelemnul
Zin
The Shining One
Beogh
Jiyva

Shops:
D:2 *   D:3 (   D:11 :   D:15 :   Orc:1 [   Orc:2 =[(*   Elf:1 =   Vaults:4 *

Annotations:
Lair:5 exclusion: obsidian statue
Shoals:1 3 runed translucent doors
Orc:1 1 runed translucent door
Elf:1 1 runed translucent door, 1 exclusion


Message History

You cut the deep elf elementalist into ribbons!!!
You freeze the deep elf elementalist.
You kill the deep elf elementalist!
Beogh accepts your kill.
A deep elf annihilator comes into view. It is wielding a +0 long sword.
You block the +2 trident of distortion's attack.
Unknown command.
You slice the deep elf high priest!! You freeze the deep elf high priest!
The +2 trident of distortion hits you from afar!
* * * LOW HITPOINT WARNING * * *
Space warps around you.
* * * LOW HITPOINT WARNING * * *
A deep elf annihilator comes into view. It is wielding a +0 long sword.
The deep elf annihilator is empowered by the deep elf high priest's aura!
The deep elf demonologist gestures wildly while chanting.
Okay, then.
Unknown command.
You feel much better.
You block the +2 trident of distortion's attack.
A deep elf master archer comes into view.
The deep elf high priest invokes the aid of its god against you.
Something smites you!
* * * LOW HITPOINT WARNING * * *
The ynoxinul gestures.
The deep elf demonologist gestures wildly while chanting.
You block the +2 trident of distortion's attack.
The deep elf master archer shouts!
You hear a shout!
Unknown command.
You slice the deep elf death mage!! You freeze the deep elf death mage!
The hellwing swoops through the air toward you!
You block the hellwing's attack. x2
The +2 trident of distortion hits you but does no damage.
Space warps horribly around you!
* * * LOW HITPOINT WARNING * * *
You slice the deep elf death mage!! You freeze the deep elf death mage!
You kill the deep elf death mage!
Beogh accepts your kill.
You hit the hellwing. You freeze the hellwing.
The deep elf high priest utters a dark prayer and points at you.
Your life force is offered up.
* * * LOW HITPOINT WARNING * * *
The hellwing is healed.
The deep elf high priest is healed.
The deep elf high priest utters a dark prayer and points at you.
Your life force is offered up.
* * * LOW HITPOINT WARNING * * *
The hellwing is healed.
The deep elf high priest is healed.
The deep elf annihilator points at you and mumbles some strange words.
The bolt of lightning misses the +2 trident of distortion.
The bolt of lightning hits you!!
You die...

.....)......###.#)#(..########
.)#...##....)###.#[#.#########
..##.##).###..###[#)##########
.####..#...........#.#########
....................#....####
####....................,*
##.........#......##....#*
##.#............4.........*
#.#####..##.####@###......* ###
#######**#$#**#####**
*#(.(ee..#*
*****#....5e5e.#*****
**,,#.....5..1....#,,**
***,,*#.......3.....#*,,***
**,,,**...e.e.........**,,,**
**,,,,*,......###......,*,,,,**
*,,,,,*,.....#*,*#.....,*,,,,,*


You could see an Ice Fiend (summoned), a deep elf master archer, a deep elf
annihilator (empowered), a deep elf demonologist (empowered), 2 deep elf high
priests, a hellwing (summoned), a ynoxinul (summoned), a +2 trident of
distortion and 3 ufetubi.

Vanquished Creatures
  Norris (Vaults:4)
  Jory (Vaults:4)
  A bone dragon (Abyss:2)
  2 sphinxes
  2 deep elf master archers
  3 tentacled starspawn
  Kirke (Lair:4)
  Donald (Shoals:4)
  Ilsuiw (Shoals:2)
  A frost giant (Shoals:4)
  4 deep elf sorcerers
  8 vault wardens
  7 emperor scorpions
  Roxanne (Elf:3)
  2 fire giants (WizLab)
  3 ghost moths
  2 deep elf elementalists (Elf:3)
  10 ironbound preservers
  2 formless jellyfish
  Louise (Elf:3)
  A caustic shrike skeleton (Abyss:3)
  2 angels (WizLab)
  An orc warlord (Orc:2)
  3 very ugly things
  Nessos (Lair:4)
  3 broodmothers (Spider:4)
  10 ironbound thunderhulks
  2 deep elf demonologists (Elf:3)
  6 deep elf annihilators
  2 deep elf death magi (Elf:3)
  A minotaur (Gauntlet)
  16 dire elephants
  7 crystal guardians
  7 merfolk impalers
  An ettin (WizLab)
  4 merfolk javelineers
  An eidolon (Vaults:3)
  2 deep elf high priests
  A yaktaur captain (Vaults:1)
  8 entropy weavers
  Fannar (Lair:2)
  A vault guard (Vaults:2)
  A spriggan zombie (Abyss:3)
  Harold (D:11)
  5 peacekeepers (WizLab)
  Josephine (D:10)
  A spriggan skeleton (Abyss:3)
  8 great orbs of eyes
  2 jorogumos
  7 ironbound frosthearts
  A radroach (Spider:4)
  11 centaur warriors
  4 hydras
  3 catoblepae
  7 boulder beetles
  Erica (Lair:2)
  4 merfolk aquamancers (Shoals:4)
  4 alligator snapping turtles
  4 ogre magi
  4 merfolk avatars
  5 thrashing horrors
  4 satyrs (Shoals:3)
  A sphinx skeleton (D:15)
  7 two-headed ogres
  15 dancing weapons
  A deep troll earth mage (Vaults:4)
  4 death yaks (Lair:2)
  A tengu warrior (D:14)
  2 orc high priests
  A vampire mage (D:15)
  12 deep elf knights
  9 demonic crawlers
  Sonja (Lair:4)
  6 skysharks
  9 pharaoh ants
  A spectral death yak (Lair:5)
  A spark wasp zombie (D:15)
  3 skeletal warriors
  10 sea snakes
  3 large abominations (Abyss:3)
  A sun moth (Spider:4)
  2 bog bodies (IceCv)
  7 arcanists
  27 deep trolls
  7 orb spiders
  An orb spider (shapeshifter) (Vaults:2)
  A kraken simulacrum (Shoals:4)
  Pikel (D:7)
  14 deep elf archers
  15 ironbound convokers
  A phantasmal warrior (Vaults:3)
  6 steelbarb worms
  15 lindwurms
  A harpy (shapeshifter) (D:14)
  4 orc knights (Vaults:1)
  23 deep elf pyromancers
  17 deep elf zephyrmancers
  2 lightning spires (WizLab)
  21 wolf spiders
  15 harpies
  4 necromancers
  7 cyclopes
  12 ugly things
  25 fauns
  15 manticores
  A moth of wrath (Gauntlet)
  3 kobold blastminers (Orc:2)
  4 salamanders (WizLab)
  9 elephants
  10 merfolk sirens
  8 black mambas
  An ice statue (IceCv)
  16 vault sentinels
  4 water nymphs
  3 molten gargoyles (WizLab)
  An orange demon (Abyss:3)
  3 gargoyles
  An unseen horror (D:11)
  A torpor snail (Spider:4)
  Maggie (D:7)
  11 cane toads
  2 efreet
  A komodo dragon (shapeshifter) (Elf:2)
  4 kobold demonologists
  8 komodo dragons
  3 rime drakes
  An anaconda simulacrum (IceCv)
  13 yaktaurs
  A red devil (D:12)
  7 trolls
  24 merfolk
  A polar bear (shapeshifter) (D:14)
  2 hellwings (D:12)
  2 hornets
  29 tarantellas
  Grinder (D:3)
  Prince Ribbit (Lair:2)
  7 wind drakes
  15 blink frogs
  3 dream sheep (Shoals:3)
  12 snapping turtles
  A spectral elephant (Lair:5)
  17 jumping spiders
  2 air elementals
  22 slime creatures
  28 culicivoras
  8 wraiths
  7 water elementals
  2 vampires (D:9)
  A hog (Lair:3)
  A wyvern (Lair:3)
  54 yaks
  2 basilisks
  2 fire elementals
  3 death yak simulacra
  Grum (Lair:1)
  3 wargs
  21 vampire mosquitoes
  A steam dragon (D:8)
  44 redbacks
  A chaos spawn (D:12)
  2 small abominations (Gauntlet)
  2 harpy simulacra (IceCv)
  2 spectral cane toads (Lair:5)
  2 acid dragons
  5 hydra simulacra (IceCv)
  27 water moccasins
  6 orc warriors
  A swamp drake (D:12)
  A black bear (D:8)
  An ettin simulacrum (Abyss:3)
  3 elephant zombies (Lair:5)
  3 laughing skulls (Abyss:2)
  27 wolves
  3 ogres
  A boggart (D:14)
  7 centaurs
  3 elephant skeletons (Lair:5)
  A lemure (D:7)
  2 phantoms
  4 kobold brigands
  14 bullfrogs
  7 earth elementals
  6 two-headed ogre simulacra (IceCv)
  4 cane toad simulacra
  2 scorpions
  11 wights
  An elephant simulacrum (Lair:5)
  4 killer bees (D:7)
  2 electric eels
  6 howler monkeys
  9 quasits (D:12)
  6 hounds
  A bombardier beetle (D:3)
  A gnoll bouda (D:9)
  A jelly (D:6)
  6 orc priests
  Crazy Yiuf (D:2)
  3 sleepcaps
  2 iguanas
  14 orc wizards
  5 spriggan simulacra (IceCv)
  7 troll simulacra (IceCv)
  4 polar bear simulacra (IceCv)
  A wolf simulacrum (IceCv)
  20 adders
  11 gnolls
  6 naga simulacra (IceCv)
  3 shadow imps
  8 white imps
  8 ufetubi (IceCv)
  A dart slug (D:2)
  2 ribbon worms
  34 orcs
  5 ball pythons
  5 endoplasms
  4 giant cockroaches
  7 goblins
  8 hobgoblins
  4 jackals (D:2)
  6 quokkas
  5 bats
  5 frilled lizards
  18 kobolds
  6 rats
  A spectral hobgoblin (D:1)
  2 starspawn tentacles (Abyss:3)
1369 creatures vanquished.

Vanquished Creatures (collateral kills)
  An electric golem (WizLab)
  Zenata (Vaults:1)
  A titan (Vaults:2)
  A sphinx (Vaults:2)
  A shadow dragon (Vaults:3)
  2 emperor scorpions (Spider:4)
  A frost giant (Vaults:2)
  A ghost moth (Spider:3)
  A vault warden (Vaults:2)
  3 ironbound preservers (Vaults:2)
  An ironbound thunderhulk (Vaults:2)
  A formless jellyfish (Vaults:4)
  A broodmother (Spider:4)
  A very ugly thing (Vaults:3)
  A deep elf death mage (Vaults:4)
  A war gargoyle (Vaults:2)
  2 dire elephants
  4 merfolk javelineers
  A merfolk impaler (Shoals:2)
  2 deep elf high priests
  8 vault guards (Vaults:2)
  An entropy weaver (Spider:3)
  6 yaktaur captains
  3 great orbs of eyes
  6 hydras
  A merfolk avatar (Shoals:3)
  4 ironbound frosthearts
  3 tengu warriors
  A two-headed ogre (D:14)
  10 centaur warriors
  5 boulder beetles
  A sphinx skeleton (D:15)
  A death knight (D:14)
  A satyr (Shoals:4)
  12 dancing weapons
  A spectral dire elephant (Lair:5)
  2 demonic crawlers
  2 vampire magi (Vaults:2)
  2 deep elf knights (Elf:2)
  2 skysharks
  A skeletal warrior (D:14)
  A spectral anaconda (Lair:5)
  13 deep trolls
  A glowing orange brain (shapeshifter) (D:13)
  2 orb spiders (Spider:4)
  2 deep elf archers
  A steelbarb worm (Spider:4)
  5 ironbound convokers
  3 lindwurms (Vaults:1)
  5 deep elf zephyrmancers
  5 necromancers
  10 orc knights
  A phantasmal warrior (Vaults:2)
  5 ugly things
  6 harpies
  7 deep elf pyromancers
  3 fauns
  A wolf spider (Spider:3)
  2 elephants (Lair:5)
  5 manticores (D:14)
  6 cyclopes (D:14)
  5 meliai
  2 kobold blastminers (Orc:2)
  3 merfolk sirens
  A torpor snail (Spider:3)
  4 vault sentinels
  A dire elephant skeleton (Lair:5)
  6 yaktaurs
  A freezing wraith (Vaults:2)
  A tengu conjurer (D:14)
  2 merfolk
  3 tarantellas (Spider:3)
  2 wind drakes
  A raiju (Spider:2)
  A glass eye (Vaults:2)
  A snapping turtle (Shoals:1)
  A jumping spider (shapeshifter) (D:14)
  3 slime creatures
  5 jumping spiders
  An air elemental (Orc:2)
  2 culicivoras (Spider:3)
  A dire elephant simulacrum (Lair:5)
  2 yaks
  A spriggan (shapeshifter) (D:14)
  A hog (Lair:4)
  2 wraiths
  A water elemental (Elf:1)
  A warg (Elf:2)
  A basilisk (D:14)
  A vampire mosquito (D:15)
  3 redbacks (Spider:3)
  A spectral cane toad (Lair:5)
  An acid dragon (D:12)
  A water moccasin (Lair:3)
  7 orc warriors
  An ogre (Orc:2)
  A boggart (D:14)
  A laughing skull (D:14)
  A wolf (Lair:1)
  7 centaurs
  A bullfrog (Lair:3)
  A cane toad simulacrum (Lair:5)
  2 earth elementals (Elf:3)
  An orc priest (Orc:2)
  4 orc wizards
  An adder (Lair:2)
  11 orcs
287 creatures vanquished.

Vanquished Creatures (others)
  A deep elf elementalist (Elf:1)
  An ironbound preserver (Vaults:4)
  A peacekeeper (Vaults:4)
  A merfolk aquamancer (Shoals:4)
  A deep elf knight (Elf:1)
  A deep troll (Vaults:4)
  13 orc knights
  A deep elf pyromancer (Elf:1)
  5 orc sorcerers
  39 orc warriors
  A yaktaur (Vaults:4)
  16 orc wizards
  A human (Lair:4)
  61 orcs
  26 orc priests
  2 adders (Lair:2)
  6 starspawn tentacles
  8 tentacles (Shoals:4)
185 creatures vanquished.

Grand Total: 1841 creatures vanquished

Notes
Turn   | Place    | Note
-------+----------+-------------------------------------------
     0 | D:1      | James the Hill Orc Fighter began the quest for the Orb.
     0 | D:1      | Reached XP level 1. HP: 19/19 MP: 1/1
    31 | D:1      | Reached skill level 3 in Axes
   175 | D:1      | Reached XP level 2. HP: 26/26 MP: 2/2
   479 | D:1      | Found a faded altar of an unknown god.
   494 | D:1      | Reached skill level 4 in Axes
   722 | D:1      | Reached XP level 3. HP: 25/31 MP: 3/3
  1148 | D:2      | Found a runed translucent door.
  1149 | D:2      | Noticed Crazy Yiuf
  1228 | D:2      | Reached skill level 5 in Axes
  1333 | D:2      | Identified the +1 pair of boots of the Original Sin {Str+4}
  1384 | D:2      | Reached XP level 4. HP: 39/39 MP: 4/4
  1445 | D:2      | Found Mom Wias's Assorted Antiques.
  1916 | D:3      | Reached skill level 6 in Axes
  2389 | D:3      | Reached XP level 5. HP: 40/45 MP: 5/5
  2485 | D:3      | Found Naseff's Weapon Boutique.
  2491 | D:3      | Reached skill level 7 in Axes
  2799 | D:3      | Noticed Grinder
  2806 | D:3      | Paralysed by Grinder for 4 turns
  2810 | D:3      | Killed Grinder
  2811 | D:3      | Reached skill level 9 in Axes
  2811 | D:3      | Reached XP level 6. HP: 15/51 MP: 6/6
  3171 | D:2      | Bought a scroll labelled WOTIYCVYRGH for 21 gold pieces
  3171 | D:2      | Bought a fizzy white potion for 18 gold pieces
  3171 | D:2      | Bought a sapphire potion for 18 gold pieces
  3436 | D:4      | Reached XP level 7. HP: 55/57 MP: 7/7
  3542 | D:4      | Reached skill level 10 in Axes
  3572 | D:4      | Found a broken altar of Ashenzari.
  4194 | D:4      | Reached skill level 11 in Axes
  4628 | D:5      | Entered Level 5 of the Dungeon
  4750 | D:5      | You fall into a shaft and drop 2 floors!
  4771 | D:7      | Found a staircase to the Ecumenical Temple.
  4783 | D:7      | Reached XP level 8. HP: 51/66 MP: 8/8
  4794 | Temple   | Entered the Ecumenical Temple
  5012 | D:7      | Noticed Maggie
  5030 | D:7      | Killed Maggie
  5131 | D:7      | Became a worshipper of Beogh the Brigand
  5143 | D:7      | Reached skill level 12 in Axes
  5152 | D:7      | Reached skill level 5 in Fighting
  5417 | D:5      | Found a sparkling altar of Nemelex Xobeh.
  5523 | D:5      | Reached XP level 9. HP: 74/74 MP: 9/9
  5574 | D:5      | Found a hazy altar of Hepliaklqana.
  6016 | D:6      | Reached skill level 5 in Armour
  6016 | D:6      | Reached skill level 5 in Shields
  6577 | D:7      | Reached skill level 13 in Axes
  6614 | D:7      | Reached * piety under Beogh
  7161 | D:8      | Noticed Pikel
  7180 | D:7      | Killed Pikel
  7181 | D:7      | Reached skill level 14 in Axes
  7289 | D:8      | Reached XP level 10. HP: 86/86 MP: 10/10
  7576 | D:8      | Found a white marble altar of Elyvilon.
  7700 | D:8      | Reached ** piety under Beogh
  7984 | D:2      | Killed Crazy Yiuf
  8191 | D:9      | Reached skill level 15 in Axes
  8314 | D:8      | Found a burning altar of Makhleb.
  8314 | D:8      | Found a basalt altar of Yredelemnul.
  8314 | D:8      | Found an opulent altar of Gozag.
  8314 | D:8      | Found a stormy altar of Qazlal.
  8457 | D:9      | Noticed a kobold demonologist
  8457 | D:9      | Noticed a kobold demonologist
  8462 | D:9      | Killed a kobold demonologist
  8468 | D:9      | Killed a kobold demonologist
  8766 | D:9      | Found a staircase to the Lair.
  8800 | D:9      | Found a glowing golden altar of the Shining One.
  8897 | D:9      | Noticed a deep elf pyromancer
  8897 | D:9      | Noticed a deep elf pyromancer
  8905 | D:9      | Killed a deep elf pyromancer
  8909 | D:9      | Killed a deep elf pyromancer
  8913 | D:9      | Reached skill level 16 in Axes
  8936 | D:9      | Got the Quarto of Grey Imprecation
  9184 | D:10     | Entered Level 10 of the Dungeon
  9265 | D:10     | Reached XP level 11. HP: 82/97 MP: 11/11
  9441 | D:10     | Found a blossoming altar of Fedhas.
  9458 | D:10     | Reached skill level 10 in Fighting
  9526 | D:10     | Noticed Josephine
  9534 | D:10     | Killed Josephine
 10000 | D:11     | Noticed Harold
 10014 | D:11     | Killed Harold
 10014 | D:11     | Reached *** piety under Beogh
 10015 | D:11     | Reached skill level 10 in Armour
 10092 | D:11     | Noticed a manticore
 10104 | D:11     | Killed a manticore
 10150 | D:11     | Noticed a two-headed ogre
 10160 | D:11     | Killed a two-headed ogre
 10200 | D:11     | Noticed a cyclops
 10207 | D:11     | Killed a cyclops
 10423 | D:11     | Noticed a cyclops
 10427 | D:11     | Noticed a two-headed ogre
 10430 | D:11     | Killed a cyclops
 10445 | D:11     | Killed a two-headed ogre
 10446 | D:11     | Reached XP level 12. HP: 109/113 MP: 12/12
 10467 | D:11     | Noticed a boulder beetle
 10610 | D:11     | Killed a boulder beetle
 10749 | D:11     | Found Wolyfuog's Self-Published Books.
 11144 | Lair:1   | Entered Level 1 of the Lair of Beasts
 11153 | Lair:1   | Reached skill level 1 in Invocations
 11173 | Lair:1   | Noticed a catoblepas
 11191 | Lair:1   | Killed a catoblepas
 11298 | Lair:1   | Noticed Grum
 11314 | Lair:1   | Reached skill level 5 in Invocations
 11320 | Lair:1   | Killed Grum
 11548 | Lair:1   | Reached **** piety under Beogh
 12330 | Lair:2   | Noticed Prince Ribbit
 12335 | Lair:2   | Killed Prince Ribbit
 12344 | Lair:2   | Reached XP level 13. HP: 120/123 MP: 19/19
 12568 | Lair:2   | Found a gate leading to a gauntlet.
 12570 | Lair:2   | Found a staircase to the Shoals.
 12591 | Gauntlet | Entered a Gauntlet
 12591 | Gauntlet | Found a transporter.
 12601 | Gauntlet | Found a transporter.
 12615 | Gauntlet | Found a transporter.
 12620 | Gauntlet | Found a transporter.
 12635 | Gauntlet | Found a transporter.
 12654 | Gauntlet | Found a transporter.
 12666 | Gauntlet | Found a transporter.
 12674 | Gauntlet | Found a transporter.
 12674 | Gauntlet | Found a transporter.
 12691 | Gauntlet | Found a transporter.
 12703 | Gauntlet | Found a transporter.
 12715 | Gauntlet | Found a transporter.
 12734 | Gauntlet | Found a transporter.
 12749 | Gauntlet | Found a transporter.
 12751 | Gauntlet | Found a transporter.
 12778 | Gauntlet | Found a transporter.
 12778 | Gauntlet | Found a transporter.
 12780 | Gauntlet | Found a transporter.
 13114 | Gauntlet | Identified the +0 helmet "Eputtege" {rN+ MP+9 Int+2}
 13200 | Gauntlet | Identified the +4 arbalest of Karma {antimagic, ^Fragile
                  | rElec Str+2}
 13200 | Gauntlet | Noticed a minotaur
 13214 | Gauntlet | Killed a minotaur
 13325 | Lair:2   | Noticed Fannar
 13339 | Lair:2   | Killed Fannar
 13485 | Lair:2   | Reached skill level 10 in Shields
 13487 | Lair:2   | Reached ***** piety under Beogh
 13881 | Lair:2   | Noticed Erica
 13915 | Lair:2   | Killed Erica
 14497 | Lair:3   | Found a hole to the Spider Nest.
 14529 | Lair:3   | Reached XP level 14. HP: 123/132 MP: 20/20
 15096 | Lair:3   | Reached skill level 10 in Invocations
 15389 | Lair:4   | Noticed Kirke
 15397 | Lair:4   | Noticed Nessos
 15550 | Lair:4   | Killed Kirke
 15730 | Lair:4   | Killed Nessos
 15886 | Lair:4   | Noticed Sonja
 15887 | Lair:4   | Killed Sonja
 16019 | Lair:4   | Identified the +4 spear "Ybbextut" {vamp, rF+ Str+2 Stlth+}
 16041 | Lair:4   | Found a viscous altar of Jiyva.
 16041 | Lair:4   | Found a staircase to the Slime Pits.
 16546 | Lair:5   | Entered Level 5 of the Lair of Beasts
 16691 | Lair:5   | Found a frozen archway.
 16720 | IceCv    | Entered an ice cave
 17212 | IceCv    | Reached ****** piety under Beogh
 17718 | Lair:5   | Noticed a dire elephant
 17718 | Lair:5   | Noticed a dire elephant
 17718 | Lair:5   | Noticed a dire elephant
 17929 | Lair:5   | Reached skill level 15 in Invocations
 18137 | Lair:5   | Noticed a dire elephant
 18142 | Lair:5   | Noticed a dire elephant
 18161 | Lair:5   | Killed a dire elephant
 18231 | Lair:5   | Noticed a dire elephant
 18241 | Lair:5   | Killed a dire elephant
 18241 | Lair:5   | Gained Hilgar as an ally
 18275 | Lair:5   | Gained Arbolt as an ally
 18611 | Lair:5   | Reached skill level 1 in Dodging
 18611 | Lair:5   | Reached XP level 15. HP: 118/137 MP: 26/26
 19328 | D:12     | Found a staircase to the Orcish Mines.
 20031 | Orc:1    | Entered Level 1 of the Orcish Mines
 20216 | Orc:1    | Found a roughly hewn altar of Beogh.
 20413 | Orc:1    | Found a runed translucent door.
 20415 | Orc:1    | Noticed a balrug
 20566 | Orc:2    | Entered Level 2 of the Orcish Mines
 20566 | Orc:2    | Found a staircase to the Elven Halls.
 20915 | Orc:1    | Found Lidero's Armour Boutique.
 21066 | Orc:2    | Found Kiydghot's Weapon Emporium.
 21066 | Orc:2    | Found Yfrem's Armour Boutique.
 21068 | Orc:2    | Found Casche's Jewellery Shop.
 21070 | Orc:2    | Found Erytemasi's Assorted Antiques.
 21264 | Orc:2    | Noticed an orc warlord
 21368 | Orc:2    | Gained Ugbert as an ally
 21577 | Orc:2    | Killed an orc warlord
 21628 | Orc:2    | Found a roughly hewn altar of Beogh.
 22044 | Orc:2    | Bought a scroll of identify for 64 gold pieces
 22238 | D:13     | Found a stormy altar of Qazlal.
 23029 | D:14     | Identified 2 scrolls of acquirement
 23031 | D:14     | Identified the +8 hand axe of Xeizifug {freeze, rF+}
 23178 | D:14     | Reached skill level 15 in Fighting
 23188 | D:14     | Reached skill level 17 in Axes
 23200 | D:14     | Reached XP level 16. HP: 65/149 MP: 28/28
 23237 | D:14     | Identified the +10 trident "Bien" {speed, Int+4 Dex-2}
 23289 | D:14     | Identified the +1 morningstar "Ishruxofi" {drain, Str+3
                  | Stlth+}
 23777 | D:14     | Found a gate to the Vaults.
 23907 | D:14     | Found a sacrificial altar of Ru.
 23993 | D:14     | Gained Olfik as an ally
 24336 | D:15     | Entered Level 15 of the Dungeon
 24437 | D:15     | Found Feuxangi's Book Shoppe.
 24630 | D:15     | Found a staircase to the Depths.
 24645 | D:15     | Gained Dorog as an ally
 24771 | D:15     | Gained Milork as an ally
 25614 | Spider:1 | Entered Level 1 of the Spider Nest
 25643 | Lair:3   | Acquired the amulet "Evubaps" {Reflect rF+ rC+ rCorr SH+5}
 25656 | Lair:3   | Acquired the ring of Rigisau {rPois Dex+6}
 26222 | Spider:1 | Reached skill level 18 in Axes
 26908 | Spider:1 | Gained Spirok as an ally
 27362 | Spider:1 | Reached XP level 17. HP: 141/158 MP: 29/29
 27556 | Spider:2 | Gained Arkwar as an ally
 27556 | Spider:2 | Gained Arbolt as an ally
 27557 | Spider:2 | Your ally Arbolt died
 27558 | Spider:2 | Your ally Arkwar died
 27572 | Spider:1 | Reached skill level 15 in Armour
 27594 | Spider:1 | Reached skill level 15 in Shields
 27685 | Spider:1 | Gained Urtork as an ally
 28338 | Spider:2 | Gained Zartorak as an ally
 28849 | Spider:2 | Gained Bogbrand as an ally
 28849 | Spider:2 | Gained Oreg as an ally
 28849 | Spider:2 | Gained Bogwald as an ally
 28896 | Spider:2 | Your ally Bogbrand died
 29491 | Spider:3 | Your ally Oreg died
 29502 | Spider:3 | Identified the +0 robe "Ciucluet" {-Cast rElec Slay+2}
 30175 | Spider:4 | Entered Level 4 of the Spider Nest
 30764 | Spider:3 | Reached skill level 19 in Axes
 31966 | Spider:4 | Reached XP level 18. HP: 154/169 MP: 31/31
 32021 | Spider:4 | HP: 6/170 [broodmother (16)]
 32369 | Spider:4 | Identified the +0 hat of Xepashrei {Int+3}
 32563 | Spider:4 | Got a gossamer rune of Zot
 32768 | Spider:4 | Identified the +1 pair of boots of Sufficient Fun {rC+}
 33367 | Lair:2   | Acquired a manual of Armour
 33380 | Shoals:1 | Entered Level 1 of the Shoals
 33670 | Shoals:1 | Gained Olfrun as an ally
 34379 | Shoals:1 | Found a runed translucent gate.
 34379 | Shoals:1 | Found a runed translucent gate.
 34379 | Shoals:1 | Found a runed translucent gate.
 34891 | Shoals:2 | Gained Olfrun as an ally
 34891 | Shoals:2 | Gained Warbeogh as an ally
 34920 | Shoals:2 | Noticed Ilsuiw
 34956 | Shoals:2 | Killed Ilsuiw
 37703 | Shoals:3 | Gained Boldo as an ally
 37932 | Shoals:3 | Your ally Boldo died
 37963 | Shoals:3 | Reached skill level 20 in Axes
 38014 | Shoals:3 | Got Famm's Compilation of Ignition
 38223 | Shoals:3 | Reached XP level 19. HP: 176/179 MP: 32/32
 38447 | Shoals:4 | Entered Level 4 of the Shoals
 40108 | Shoals:4 | Got a barnacled rune of Zot
 40110 | Shoals:4 | Got an azure gem
 40280 | Shoals:4 | Gained Zartorak as an ally
 40308 | Shoals:4 | Your ally Zartorak died
 41100 | Shoals:4 | Noticed Donald
 41120 | Shoals:4 | Killed Donald
 41564 | Shoals:4 | Identified the ring "Bitzoz" {rF+ rN+ MP+9 Str+6}
 42378 | Vaults:1 | Entered Level 1 of the Vaults
 42447 | Vaults:1 | Found a magical portal.
 42545 | WizLab   | Entered Maxwell's Workshop
 43787 | WizLab   | Noticed an electric golem
 43790 | WizLab   | HP: 6/181 [crystal guardian/crystal bolt (8)]
 44402 | WizLab   | Killed an electric golem
 44759 | WizLab   | Identified the +1 scale mail "Heotecw" {*Slow rPois rCorr}
 44903 | Vaults:1 | Noticed Zenata
 44912 | Vaults:1 | Killed Zenata
 45307 | Vaults:1 | Gained Boldo as an ally
 45310 | Vaults:1 | Gained Bogric as an ally
 45315 | Vaults:1 | Reached XP level 20. HP: 146/189 MP: 34/34
 45315 | Vaults:1 | Found a roughly hewn altar of Beogh.
 45324 | Vaults:1 | Gained Morguth as an ally
 45331 | Vaults:1 | Your ally Morguth died
 45346 | Vaults:1 | Your ally Bogric died
 45765 | Vaults:1 | Reached skill level 21 in Axes
 47998 | Vaults:2 | Your ally Bogwald died
 47999 | Vaults:2 | Your ally Warbeogh died
 48004 | Vaults:2 | Your ally Milork died
 48697 | Vaults:2 | Got the Atlas of Wicked Mysteries and Geology
 48702 | Vaults:2 | Paralysed by a sphinx for 3 turns
 49105 | Vaults:2 | Identified the +0 leather armour "Ynweum" {rF+}
 49181 | Vaults:2 | Identified the +1 war axe "Qexorier" {freeze, ^Contam rElec
                  | SInv}
 49221 | Vaults:2 | Identified the +2 ring mail "Cotun" {rN+ Regen+}
 50155 | Vaults:3 | Reached XP level 21. HP: 196/200 MP: 35/35
 50781 | Vaults:3 | Gained Horkud as an ally
 50785 | Vaults:3 | Gained Bolgrim as an ally
 50842 | Vaults:3 | Your ally Horkud died
 51294 | Vaults:3 | Found a staircase to the Crypt.
 51436 | Vaults:3 | Reached skill level 22 in Axes
 51898 | Vaults:4 | Reached skill level 5 in Dodging
 52009 | Vaults:4 | Got Fuzuustru's Catalogue of Space and Exhumation
 52233 | Vaults:4 | Gained Arbolt as an ally
 52239 | Vaults:4 | Your ally Arbolt died
 52386 | Vaults:4 | Noticed Jory
 52400 | Vaults:4 | Killed Jory
 52506 | Vaults:4 | Gained Grimold as an ally
 52528 | Vaults:4 | Noticed Norris
 52530 | Vaults:4 | Your ally Grimold died
 52537 | Vaults:4 | Gained Geork as an ally
 52539 | Vaults:4 | Killed Norris
 53013 | Vaults:4 | Found Ukhloqut's General Store.
 53020 | Vaults:4 | Gained Nordag as an ally
 53088 | Vaults:4 | Identified the orb of Grot {guile, rF- Str+2 Dex+3 Fire}
 53384 | Vaults:4 | Gained Rocco as an ally
 53385 | Vaults:4 | Your ally Rocco died
 54019 | Elf:1    | Entered Level 1 of the Elven Halls
 54021 | Elf:1    | Paralysed by an air elemental for 1 turns
 54191 | Elf:1    | Paralysed by an air elemental for 1 turns
 54195 | Elf:1    | Paralysed by an air elemental for 1 turns
 54383 | Elf:1    | Got the Catalogue of Heated Bombardment
 54462 | Elf:1    | Found Wamoeq's Jewellery Boutique.
 54572 | Elf:1    | Found a runed translucent door.
 54574 | Elf:1    | Found a runed translucent gate.
 54574 | Elf:1    | Found a runed translucent gate.
 54574 | Elf:1    | Found a runed translucent gate.
 54793 | Elf:1    | Found a runed translucent door.
 55126 | Elf:1    | Found a huge runed translucent gate.
 55128 | Elf:1    | Found a huge runed translucent gate.
 55129 | Elf:1    | Found a huge runed translucent gate.
 55129 | Elf:1    | Found a huge runed translucent gate.
 55132 | Elf:1    | Found a huge runed translucent gate.
 55132 | Elf:1    | Found a huge runed translucent gate.
 55133 | Elf:1    | Found a huge runed translucent gate.
 55134 | Elf:1    | Found a huge runed translucent gate.
 55134 | Elf:1    | Found a huge runed translucent gate.
 55134 | Elf:1    | Found a huge runed translucent gate.
 55134 | Elf:1    | Found a huge runed translucent gate.
 55135 | Elf:1    | Found a huge runed translucent gate.
 55135 | Elf:1    | Found a huge runed translucent gate.
 55135 | Elf:1    | Found a huge runed translucent gate.
 55135 | Elf:1    | Found a huge runed translucent gate.
 55135 | Elf:1    | Found a huge runed translucent gate.
 55135 | Elf:1    | Found a huge runed translucent gate.
 55136 | Elf:1    | Found a huge runed translucent gate.
 55136 | Elf:1    | Found a huge runed translucent gate.
 55136 | Elf:1    | Found a huge runed translucent gate.
 55267 | Elf:1    | Gained Brandogh as an ally
 55487 | Elf:1    | Found a runed translucent gate.
 55487 | Elf:1    | Found a runed translucent gate.
 55487 | Elf:1    | Found a runed translucent gate.
 55756 | Elf:2    | Paralysed by an air elemental for 1 turns
 55767 | Elf:2    | Reached XP level 22. HP: 203/211 MP: 37/37
 55809 | Elf:2    | Your ally Brandogh died
 56281 | Elf:2    | Found a runed translucent gate.
 56281 | Elf:2    | Found a runed translucent gate.
 56281 | Elf:2    | Found a runed translucent gate.
 56508 | Elf:3    | Entered Level 3 of the Elven Halls
 56538 | Elf:3    | Noticed Roxanne
 56546 | Elf:3    | Killed Roxanne
 56922 | Elf:3    | Noticed Louise
 56929 | Elf:3    | Killed Louise
 57881 | Elf:2    | Your ally Spirok died
 57924 | Elf:2    | Gained Ugrim as an ally
 57930 | Elf:2    | Reached skill level 23 in Axes
 57943 | Elf:2    | Gained Zorug as an ally
 59404 | Elf:3    | Identified the +5 scimitar of Eternal Vigilance {pain, rN+}
 59463 | Abyss:2  | Cast into level 2 of the Abyss (+2 trident of distortion)
 59733 | Elf:3    | Escaped the Abyss
 59747 | Elf:3    | Killed from afar by a deep elf annihilator

Illustrated notes

Levels and vault maps discovered:
D:1:      lemuel_arrival_muddy, layout_loops_corners,
          dreamdust_ecumenical_altar_drowned_temple,
          nicolae_twisty_statue_hallways
D:2:      layout_loops_ring, serial_shops, shop, uniq_crazy_yiuf_cottage
D:3:      layout_loops_corners, serial_shops, shop, uniq_grinder
D:4:      layout_layer_cave, cheibrodos_ashenzari_chains,
          serial_co_window_serial, co_window_paths_a, co_window_paths_a,
          co_window_cross_1, co_window_paths_a, co_window_corner_a,
          co_window_paths_b, co_window_corner_a, co_window_broadway_a,
          co_window_cross_2, co_window_2corner
D:5:      layout_loops_cross, nemelex_xobeh_ov_fountains_minmay,
          mainiacjoe_overflow_tiny_flanked
D:6:      layout_basic
D:7:      layout_basic, minmay_temple_entry_offerings, st_stairs_4, uniq_maggie
D:8:      layout_loops_cross, nicolae_overflow_hidden_temple, uniq_pikel
D:9:      layout_loops_ring, kennysheep_little_box, dpeg_oklobed_lair,
          minmay_misc_feat_nine_boxes, serial_library_hellmonk_metal_room
D:10:     layout_stronghold, old_standard_altar, uniq_josephine
D:11:     layout_loops_cross, serial_glass, glass_columns_a, glass_columns_a,
          glass_columns_a, glass_columns_a, glass_columns_c, glass_columns_a,
          nicolae_custom_books, uniq_harold
D:12:     layout_irregular_city, erik_orc_1, serial_demonic, serial_demonic_c,
          serial_demonic_e, serial_demonic_d, serial_demonic_g,
          serial_demonic_b, serial_demonic_g, serial_demonic_d,
          serial_demonic_f, chequers_serial_rivers_room_b
D:13:     layout_roguey, nicolae_qazlal_general_emergency
D:14:     minmay_the_grid_square_5x5_5x5_mashed
          [minmay_the_grid_square_5x5_inner_z,
          minmay_the_grid_square_5x5_misaligned,
          minmay_the_grid_square_5x5_inset,
          minmay_the_grid_square_5x5_bracketed,
          minmay_the_grid_square_5x5_minibox,
          minmay_the_grid_square_5x5_three_small,
          minmay_the_grid_square_5x5_prize_pseudospiral,
          minmay_the_grid_square_5x5_moneybag,
          minmay_the_grid_square_5x5_prize_waves,
          minmay_the_grid_square_5x5_six_small,
          minmay_the_grid_square_5x5_half_checkered,
          minmay_the_grid_square_5x5_almost_minimal,
          minmay_the_grid_square_5x5_prize_itemx,
          minmay_the_grid_square_5x5_spiral, minmay_the_grid_square_5x5_corner,
          minmay_the_grid_square_5x5_trominoes,
          minmay_the_grid_square_5x5_prize_snowflake,
          minmay_the_grid_square_5x5_doubleslash,
          minmay_the_grid_square_5x5_prize_junk,
          minmay_the_grid_square_5x5_minivault,
          minmay_the_grid_square_5x5_dogpile,
          minmay_the_grid_square_5x5_shrine1, minmay_the_grid_square_5x5_slash,
          minmay_the_grid_square_5x5_n, minmay_the_grid_square_5x5_inner_i],
          layout_basic, david_vaults_1, nicolae_ru_path_of_blood
D:15:     gammafunk_depths_entry_grave, layout_loops_cross, serial_shops, shop,
          chequers_arboretum
Temple:   hellmonk_temple_two_chambers
Lair:1:   layout_roguey, chequers_serial_rivers_micro_b, lemuel_fruit_tree,
          serial_bayou_shore_b, grunt_megastairs_5, infiniplex_staircase_pool_2,
          uniq_grum
Lair:2:   lemuel_reptile_caves, layout_chaotic_city, shoals_dummy_entry,
          gauntlet_entry_generic, chequers_serial_rivers_micro_b,
          uniq_prince_ribbit2, uniq_erica, uniq_fannar
Lair:3:   layout_regular_city, spider_nest_entry_a,
          grunt_forest_small_clearings, serial_bayou_shore_a, grunt_megastairs_1
Lair:4:   layout_cave_pods, dpeg_slime_entry_enclosed, lemuel_fruit_fields,
          grunt_megastairs_2, serial_bayou_shore_b, uniq_sonja, uniq_nessos,
          uniq_kirke
Lair:5:   due_jungle_book, layout_gridlike, portal_ice_cave_entry_pillars_1
Shoals:1: layout_shoals, ldierk_geyser, nicolae_shoals_beach_cooler
Shoals:2: layout_shoals, uniq_ilsuiw
Shoals:3: layout_shoals
Shoals:4: shoals_end_grunt_ice, layout_shoals, shoal_ilsuiw, uniq_donald
Spider:1: layout_spider_delve
Spider:2: layout_spider_delve, beargit_elvish_explorers
Spider:3: layout_spider_delve
Spider:4: guppyfry_spider_rune
Orc:1:    dreamdust_dug_too_deep, layout_diamond_mine, basic_altar,
          serial_shops, shop
Orc:2:    st_orc_rangers, layout_diamond_mine, lightli_church_of_beogh
Elf:1:    nicolae_elf_arrival_dilemma, layout_loops_ring, serial_shops,
          nicolae_take_the_stairs, hangedman_elf_represent, grunt_ministairs_7,
          drop_trap, nicolae_elf_crossing_hall
Elf:2:    elven_hall_of_blades_hangedman_original [nooodl_blade_entry_preview],
          layout_rooms, serial_corexii_hall, corexii_hall_statues_t,
          corexii_hall_statues_t, chequers_hall_statues_wall_a,
          corexii_hall_statues_l, corexii_hall_statues_deadend,
          corexii_hall_statues_u
Elf:3:    nooodl_elf_gasket, layout_rooms, minmay_misc_feat_columns,
          uniq_roxanne, uniq_louise
Vaults:1: mu_enter_wizlab_1, nicolae_vaults_hexular_roomagon,
          nicolae_vaults_tetromino_T_1, nicolae_vaults_tetromino_Z_1,
          nicolae_vaults_sesquioval_fish, v_misc_28,
          nicolae_vaults_little_squares_6, nicolae_vaults_circle_grid_a,
          nicolae_vaults_closet_pinwheel_4, special_room_vaults
          [special_room_orc], nicolae_vaults_network_periphery,
          vaults_mumra_hex, nicolae_vaults_sesquioval_fish,
          layout_vaults_big_room, uniq_zenata
Vaults:2: v_misc_23, v_pattern_2, st_greater_box_4,
          nicolae_vaults_storage_closets_3, nicolae_vaults_ring_of_whatevers,
          vaults_standard_mumra_x, vaults_room_ringed_pool, vaults_room_pools,
          ontoclasm_vaults_eye, v_misc_12, vaults_mumra_minichess,
          nicolae_vaults_tetromino_L_1, layout_vaults_maze
Vaults:3: nicolae_vaults_offset_grid_hallway_4, hangedman_vaults_unwind,
          nicolae_vaults_spaceships, nicolae_vaults_offset_grid_hallway_4,
          minmay_crypt_entry_simple_walls, nicolae_vaults_trapezoid_lopsided_3,
          v_pattern_4, nicolae_vaults_wine_cellar, st_lines,
          layout_vaults_omnibox
Vaults:4: nicolae_vaults_library_corner, v_misc_30,
          nicolae_vaults_lightning_bolt, vaults_mumra_hexcomb,
          nicolae_vaults_tetromino_L_1, nicolae_vaults_sesquioval_fish,
          ontoclasm_vaults_pinch, layout_vaults_quadrants, serial_shops, shop,
          uniq_norris, uniq_jory

Skill      XL: |  1  2  3  4  5  6  7  8  9 10 11 12 13 14 15 16 17 18 19 20 21 22 |
---------------+-------------------------------------------------------------------+-----
Axes           | 3 4 5 6 9 11 12 14 16 17 18 19 20 21 22 23 | 23.2
Fighting       | 4 5 7 9 12 13 14 15 16 17 18 19 20 21 | 21.1
Armour         | 4 6 8 11 12 13 14 15 18 20 22 | 22.0
Shields        | 4 5 12 13 14 15 16 17 18 19 | 19.5
Invocations    | 8 15 16 17 18 19 20 21 22 | 22.6
Dodging        | 1 3 4 6 7 |  7.4

Action                     |  1- 3 |  4- 6 |  7- 9 | 10-12 | 13-15 | 16-18 | 19-21 | 22-24 || total
---------------------------+-------+-------+-------+-------+-------+-------+-------+-------++-------
  Melee: War axe           |   118 |   120 |   221 |   490 |  1066 |  1150 |       |       ||  3165
         Trident           |       |       |       |       |    32 |       |       |       ||    32
         Unarmed           |       |       |       |       |    19 |       |     1 |       ||    20
         Spear             |       |       |       |       |    17 |     9 |       |       ||    26
         Broad axe         |       |       |       |       |       |   241 |  1359 |   287 ||  1887
  Throw: Boomerang         |       |     6 |       |       |       |       |       |       ||     6
 Invoke: Convert to Beogh  |       |       |     1 |       |       |       |       |       ||     1
         Recall Orcish Fol |       |       |       |       |    13 |    10 |    19 |     3 ||    45
         Smiting           |       |       |       |       |     3 |       |     4 |       ||     7
         Give Item to Name |       |       |       |       |     2 |     8 |     2 |     5 ||    17
         Stop Recall       |       |       |       |       |     2 |     1 |     5 |       ||     8
  Evoke: Phantom mirror    |       |       |       |       |       |       |     1 |       ||     1
         Condenser vane    |       |       |       |       |       |       |     1 |       ||     1
    Use: Scroll            |       |     3 |     3 |     3 |    12 |    14 |     8 |     3 ||    46
         Potion            |       |       |       |       |     2 |     4 |     4 |     1 ||    11
   Stab: Petrified         |       |       |       |     4 |       |       |       |       ||     4
         Distracted        |       |       |       |       |     9 |    12 |    17 |     1 ||    39
         Confused          |       |       |       |       |     2 |       |       |       ||     2
         Paralysed         |       |       |       |       |       |     1 |       |       ||     1
         Held in net/web   |       |       |       |       |       |     1 |       |       ||     1
 Armour: Scale mail        |    80 |    69 |    47 |   111 |   639 |       |       |    56 ||  1002
         Steam dragon scal |       |       |    20 |       |       |       |       |       ||    20
         Chain mail        |       |       |    74 |       |       |       |       |       ||    74
         Plate armour      |       |       |    11 |   271 |   112 |   874 |   713 |    42 ||  2023
         Skin              |       |       |       |       |    11 |       |    18 |       ||    29
  Dodge: Dodged            |    48 |    56 |    70 |   146 |   289 |   294 |   260 |    39 ||  1202
  Block: Buckler           |    20 |    20 |    32 |    86 |       |       |       |       ||   158
         Tower shield      |       |       |       |    14 |  1019 |  2050 |  1496 |   263 ||  4842
         Reflection        |       |       |       |       |       |    69 |    98 |    21 ||   188
         Other             |       |       |       |       |       |       |     1 |       ||     1
